Map: Neon Violet Square LE

Players

Cyan

  • Race: Protoss Protoss
  • Spawn Location: 11:00

Probe - Winner!

  • Race: Protoss Protoss
  • Spawn Location: 5:00

Event: WCS Leipzig 2018

VOD

Have the link to the VOD?

Description

Time

  • Played on: Jan. 26, 2018, 1:18 p.m.
  • Length: 13:13

All games in this series

Show
View Real Time Build Order
Export as new Build Order

Cyan Protoss 

Build Orders: Phoenix Opening, Archon Immortal 

Get SALT Encoding   

  12  0:00  Probe  
  13  0:12  Probe  
  14  0:18  Pylon  
  14  0:25  Probe (Chrono Boost)  
  15  0:37  Probe (Chrono Boost)  
  15  0:38  Gateway  
  16  0:45  Probe (Chrono Boost)  
  16  0:48  Assimilator  
  17  0:51  Probe (Chrono Boost)  
  17  0:56  Assimilator  
  18  1:03  Probe (Chrono Boost)  
  20  1:12  Probe (Chrono Boost)  
  20  1:13  Gateway  
  20  1:17  Probe  
  21  1:26  Cybernetics Core  
  21  1:29  Probe  
  22  1:36  Pylon  
  22  1:42  Probe  
  24  1:54  Probe  
  24  2:01  Warp Gate (Chrono Boost)  
  24  2:04  Stalker, Sentry  
  24  2:08  Pylon  
  28  2:28  Pylon  
  28  2:38  Nexus  
  28  2:45  Stalker  
  28  2:48  Stalker  
  32  3:01  Stargate  
  32  3:07  Shield Battery  
  32  3:08  Probe  
  32  3:16  Pylon  
  32  3:21  Shield Battery  
  32  3:28  Probe  
  33  3:40  Probe  
  34  3:44  Phoenix (Chrono Boost)  
  36  3:51  Probe  
  36  3:53  Probe  
  38  3:57  Stalker  
  38  3:59  Stalker  
  42  4:12  Twilight Council  
  42  4:13  Probe (Chrono Boost)  
  42  4:15  Probe (Chrono Boost)  
  45  4:24  Probe (Chrono Boost)  
  45  4:26  Probe (Chrono Boost)  
  45  4:29  Probe (Chrono Boost)  
  47  4:36  Robotics Facility  
  47  4:39  Probe  
  47  4:40  Probe  
  49  4:45  Adept  
  49  4:50  Adept  
  49  4:51  Probe  
  54  4:57  Resonating Glaives  
  54  4:58  Probe (Chrono Boost)  
  55  5:04  Probe (Chrono Boost)  
  55  5:05  Pylon  
  56  5:11  Probe (Chrono Boost)  
  57  5:15  Gateway  
  57  5:16  Probe (Chrono Boost)  
  57  5:20  Probe (Chrono Boost)  
  59  5:21  Probe (Chrono Boost)  
  59  5:23  Assimilator  
  59  5:25  Probe  
  61  5:33  Immortal (Chrono Boost)  
  64  5:37  Pylon  
  64  5:41  Gateway  
  61  5:46  Gateway  
  61  5:51  Gateway  
  61  5:56  Gateway  
  61  5:58  Sentry  
  61  5:59  Sentry  
  65  6:06  Gateway  
  65  6:09  Observer (Chrono Boost)  
  66  6:22  Warp Prism (Chrono Boost)  
  68  6:26  Nexus  
  68  6:36  Adept x2, Sentry  
  74  6:46  Adept x2  
  78  6:49  Pylon  
  78  6:50  Pylon  
  74  7:03  Probe x2  
  74  7:07  Forge  
  76  7:15  Probe x2, Charge  
  78  7:20  Assimilator  
  78  7:23  Adept x2  
  78  7:27  Probe x2  
  78  7:28  Pylon  
  80  7:37  Immortal (Chrono Boost), Protoss Ground Weapons Level 1 (Chrono Boost)  
  74  7:39  Probe  
  79  7:45  Probe  
  79  7:46  Adept  
  79  7:48  Shield Battery  
  82  7:58  Adept x2  
  82  8:03  Probe x2  
  82  8:04  Templar Archives  
  84  8:08  Probe  
  84  8:10  Pylon  
  85  8:15  Probe  
  84  8:20  Probe x2  
  84  8:23  Assimilator  
  84  8:26  Assimilator  
  86  8:27  Probe  
  83  8:34  Gateway  
  83  8:36  Probe, Pylon  
  83  8:38  Pylon  
  83  8:39  Pylon  
  84  8:46  Warp Prism (Chrono Boost)  
  84  8:51  High Templar x2  
  84  8:52  High Templar x2  
  84  8:55  Archon x2  
  94  8:57  Probe  
  94  9:00  Adept x2  
  99  9:08  High Templar x2  
  102  9:13  Immortal (Chrono Boost)  
  106  9:20  Archon  
  106  9:23  High Templar x2  
  108  9:30  Protoss Ground Weapons Level 2 (Chrono Boost)  
  103  9:40  Archon  
  103  9:46  Nexus, Robotics Facility  
  103  9:49  Pylon  
  103  9:52  Pylon  
  107  9:53  Immortal (Chrono Boost)  
  107  10:02  High Templar  
  107  10:03  High Templar  
  107  10:07  Gateway  
  111  10:08  Gateway  
  111  10:09  Archon  
  111  10:13  Gateway  
  111  10:16  Gateway  
  111  10:20  Pylon  
  109  10:22  Adept x2  
  109  10:25  Immortal (Chrono Boost)  
  109  10:26  Probe  
  118  10:35  High Templar  
  120  10:36  High Templar  
  120  10:37  Shield Battery  
  120  10:41  Archon  
  120  10:42  Shield Battery, Immortal  
  124  10:51  Immortal  
  124  10:55  High Templar  
  122  10:57  Shield Battery  
  122  10:58  Shield Battery  
  122  11:00  Pylon  
  122  11:02  High Templar  
  128  11:04  Probe x2  
  128  11:05  Probe x2  
  128  11:07  Archon  
  132  11:14  Zealot x2  
  134  11:22  Zealot x3  
  138  11:29  Zealot  
  134  11:38  Zealot x2  
  94  11:50  Zealot x3  
  94  11:52  Immortal (Chrono Boost)  
  94  12:00  Zealot x2  
  98  12:10  Probe  
  98  12:11  Probe  
  98  12:12  Pylon  
  93  12:19  Pylon  
  93  12:20  Warp Prism (Chrono Boost)  
  95  12:24  Zealot x5  
  95  12:28  Probe x3  
  104  12:31  Probe  
  104  12:36  High Templar  
  106  12:40  Probe x2, High Templar  
  110  12:44  Archon  
  110  12:50  High Templar x2  
  110  12:51  High Templar x3  
  124  12:52  High Templar  
  117  13:08  Zealot  
  117  13:10  Archon  
  117  13:11  Archon x2  
Show
View Real Time Build Order
Export as new Build Order

Probe Protoss - Winner!

Build Orders: Oracle Opening, Phoenix Opening 

Get SALT Encoding   

  12  0:00  Probe  
  13  0:12  Probe  
  14  0:18  Pylon  
  14  0:24  Probe  
  15  0:37  Probe (Chrono Boost)  
  15  0:38  Gateway  
  16  0:47  Probe (Chrono Boost), Assimilator  
  17  0:52  Probe (Chrono Boost)  
  17  0:55  Assimilator  
  18  1:03  Probe (Chrono Boost)  
  19  1:08  Gateway  
  19  1:12  Probe (Chrono Boost)  
  19  1:17  Probe (Chrono Boost)  
  20  1:25  Cybernetics Core  
  21  1:29  Probe  
  22  1:38  Pylon  
  22  1:41  Probe  
  23  1:56  Probe  
  23  1:59  Warp Gate (Chrono Boost)  
  24  2:01  Stalker  
  24  2:02  Stalker  
  28  2:10  Pylon  
  28  2:17  Stargate  
  28  2:20  Probe  
  29  2:46  Nexus  
  29  2:53  Stalker  
  31  3:02  Oracle  
  34  3:12  Stalker  
  36  3:22  Twilight Council  
  36  3:23  Probe  
  37  3:31  Pylon  
  38  3:44  Shield Battery, Phoenix  
  39  3:49  Shield Battery  
  39  3:56  Probe  
  39  3:59  Probe  
  41  4:03  Blink (Chrono Boost)  
  41  4:08  Probe  
  42  4:13  Probe  
  40  4:20  Probe  
  41  4:25  Probe  
  42  4:33  Probe  
  42  4:36  Sentry  
  42  4:37  Probe, Stalker  
  48  4:45  Probe  
  49  4:47  Pylon  
  49  4:49  Probe  
  50  4:57  Probe  
  51  5:00  Stalker x2  
  51  5:01  Probe  
  56  5:07  Pylon  
  56  5:09  Probe  
  56  5:13  Probe  
  58  5:18  Nexus  
  58  5:22  Probe  
  58  5:24  Phoenix  
  58  5:25  Probe  
  58  5:26  Stalker  
  62  5:35  Probe  
  62  5:38  Stalker  
  64  5:43  Forge  
  64  5:44  Robotics Facility  
  64  5:45  Probe  
  64  5:48  Assimilator  
  65  5:53  Assimilator  
  65  5:55  Probe  
  66  5:57  Probe  
  67  6:06  Sentry  
  67  6:07  Probe, Stalker  
  67  6:09  Probe  
  73  6:12  Protoss Ground Weapons Level 1 (Chrono Boost)  
  73  6:16  Charge  
  73  6:19  Probe  
  73  6:21  Probe  
  75  6:30  Pylon  
  75  6:31  Probe  
  77  6:33  Observer, Probe  
  78  6:42  Gateway  
  78  6:43  Probe, Gateway  
  78  6:44  Gateway  
  78  6:46  Probe, Gateway  
  80  6:47  Probe  
  81  6:55  Probe  
  81  6:57  Shield Battery  
  81  6:58  Shield Battery  
  82  7:06  Probe  
  82  7:07  Immortal (Chrono Boost)  
  87  7:14  Gateway  
  87  7:16  Templar Archives  
  87  7:17  Zealot x2, Pylon  
  91  7:23  Shield Battery  
  91  7:25  Pylon  
  89  7:37  Zealot  
  89  7:38  Zealot  
  89  7:40  Immortal  
  97  7:45  Probe x2  
  97  7:46  Assimilator  
  97  7:47  Assimilator  
  97  7:48  Zealot x2  
  102  7:55  Probe  
  102  7:56  Protoss Ground Weapons Level 2 (Chrono Boost)  
  102  7:57  Probe, High Templar  
  104  8:03  High Templar  
  106  8:07  Archon  
  106  8:08  Nexus  
  106  8:17  Probe  
  107  8:22  Zealot x4  
  107  8:24  Probe  
  107  8:26  Probe  
  116  8:29  Probe  
  115  8:36  Probe  
  115  8:38  Probe  
  117  8:45  Phoenix, Pylon  
  117  8:46  Pylon  
  117  8:47  Pylon  
  117  9:04  High Templar x4  
  117  9:05  Zealot x3  
  117  9:08  Pylon x2, Archon  
  117  9:09  Pylon, Archon  
  131  9:15  Probe x2  
  131  9:16  Probe  
  134  9:25  Gateway  
  134  9:27  Probe x2  
  134  9:28  Gateway  
  134  9:30  Zealot x2  
  134  9:31  Probe  
  137  9:35  High Templar  
  137  9:36  High Templar x2  
  143  9:40  High Templar  
  143  9:41  High Templar  
  143  9:43  Pylon  
  143  9:45  Archon x2  
  147  9:46  Pylon  
  147  9:50  Warp Prism (Chrono Boost)  
  147  9:52  High Templar x2  
  147  9:56  Archon  
  153  10:01  Protoss Ground Weapons Level 3 (Chrono Boost), Photon Cannon  
  153  10:09  High Templar  
  153  10:11  Gateway  
  155  10:16  Archon  
  155  10:19  Zealot x4  
  163  10:29  Photon Cannon  
  163  10:31  Photon Cannon  
  163  10:32  Photon Cannon  
  163  10:40  Zealot x4  
  163  10:42  High Templar x2  
  174  10:45  High Templar  
  174  10:46  High Templar  
  175  10:55  Archon x2  
  173  11:12  Zealot  
  173  11:13  Zealot x5  
  185  11:20  Zealot x4  
  178  11:33  Zealot x6  
  178  11:34  Probe  
  171  11:52  Warp Prism (Chrono Boost)  
  163  11:56  Zealot x8  
  166  12:11  High Templar x2  
  162  12:18  High Templar  
  162  12:19  High Templar x6  
  174  12:25  Warp Prism (Chrono Boost)  
  174  12:26  High Templar, Archon x4  
  172  12:35  Archon  
  173  13:02  Zealot x7  
Tags
 
Add a new tag
Caveats
  • Supply blocks, unpowered buildings, or Contaminate may cause inaccurate times.
  • Supply counts are checked every 10 seconds.